General information
- name: BVY
- type: Ladder 1vs1/FFA
- host: BEAR_AND
- saver: BEAR_AND
map: AncientKingdom
- players: 8
- length: 14:45
- speed: Fast
- version: 1.21 W3XP
- replay type:

» download(56 KB)
Players
team 1 (winner)
BEAR_AND (
teal | 111 APM | 1645 actions | 14:45)
5 Archmage
3 Blizzard
2 Brilliance Aura
» actions
| Assign group hotkey | 20 | |
| Basic commands | 1 | |
| Build / train | 59 | |
| Enter build submenu | 18 | |
| Enter hero's abilities submenu | 5 | |
| Remove unit from queue | 3 | |
| Right click | 960 | |
| Select / deselect | 270 | |
| Select group hotkey | 256 | |
| Use ability | 53 | |
1645 total
» units
| Peasant | 13 | |
| Footman | 7 | |
| Spell Breaker | 8 | |
| Mortar Team | 5 | |
| Priest | 1 | |
34 total
» upgrades
| Defend | 0 | |
| Swords | 1 | |
| Flare | 1 | |
| Control Magic | 1 | |
3 total
» buildings
| Lumber Mill | 1 | |
| Farm | 7 | |
| Scout Tower | 3 | |
| Guard Tower | 3 | |
| Altar of Kings | 1 | |
| Barracks | 1 | |
| Arcane Vault | 1 | |
| Keep | 1 | |
| Blacksmith | 1 | |
| Arcane Sanctum | 1 | |
| Workshop | 1 | |
| Castle | 1 | |
22 total
» build order
00:13 Lumber Mill
00:46 Farm
01:00 Scout Tower
01:02 Scout Tower
01:03 Scout Tower
01:27 Guard Tower
01:29 Guard Tower
01:40 Guard Tower
02:38 Altar of Kings
02:41 Farm
03:49 Barracks
04:08 Arcane Vault
04:32 Farm
05:33 Farm
05:35 Keep
07:08 Blacksmith
07:45 Farm
07:46 Farm
08:21 Arcane Sanctum
09:06 Workshop
09:40 Farm
09:57 Castle
» items
| Potion of Healing | 2 | |
| Scroll of Regeneration | 2 | |
| Scroll of Town Portal | 1 | |
5 total
team 2 (loser)
Yuppidoo. (
light-blue | 142 APM | 2095 actions | 14:45)
3 Dark Ranger
2 Black Arrow
1 Silence
2 Firelord
1 Summon Lava Spawn
1 Soul Burn
» actions
| Assign group hotkey | 44 | |
| Basic commands | 7 | |
| Build / train | 50 | |
| ESC pressed | 1 | |
| Enter build submenu | 17 | |
| Enter hero's abilities submenu | 5 | |
| Remove unit from queue | 2 | |
| Right click | 1081 | |
| Select / deselect | 311 | |
| Select group hotkey | 541 | |
| Use ability | 35 | |
2095 total
» units
| Wisp | 19 | |
| Archer | 9 | |
| Druid of the Claw | 3 | |
31 total
» upgrades
| Druid of the Claw Training | 2 | |
2 total
» buildings
| Moon Well | 4 | |
| Altar of Elders | 1 | |
| Ancient of War | 4 | |
| Tree of Ages | 4 | |
| Hunter's Hall | 1 | |
| Ancient of Lore | 2 | |
| Tree of Eternity | 1 | |
17 total
» build order
00:18 Moon Well
00:22 Altar of Elders
00:32 Ancient of War
01:33 Ancient of War
01:55 Moon Well
03:28 Ancient of War
04:03 Ancient of War
04:39 Tree of Ages
04:39 Tree of Ages
04:51 Moon Well
05:33 Hunter's Hall
07:51 Ancient of Lore
08:44 Tree of Eternity
12:27 Ancient of Lore
12:40 Moon Well
observersbLinn,
mata.,
erz,
snacker,
RobLovesToObs,
tower_is_n00b Chat log
(03:53 / All) BEAR_AND: whew
(04:47 / All) BEAR_AND: fuck
(04:49 / All) BEAR_AND: that
(04:51 / All) BEAR_AND: was a boner
(06:25 / All) BEAR_AND: o boyu
(09:11 / All) Yuppidoo.: jesus this game
(09:20 / All) BEAR_AND: sorry pal
(13:34 / All) BEAR_AND: heheh
(14:41 / All) Yuppidoo.: well g
(14:42 / All) Yuppidoo.: g
(14:42 / All) BEAR_AND: gg